 Dungeon Crawl Stone Soup version 0.22.1-1-ga44c0e5 (webtiles) character file.

198 Harpaggios the Insei (level 5, -4/41 HPs)
             Began as a Gnoll Transmuter on Oct 23, 2018.
             Was a Follower of Uskayaw.
             Slain by ThePrince's ghost (16 damage)
             ... on level 3 of the Dungeon.
             The game lasted 00:15:59 (3671 turns).

Harpaggios the Insei (Gnoll Transmuter)             Turns: 3671, Time: 00:16:01

Health: -4/41      AC:  3    Str: 13    XL:     5   Next: 76%
Magic:  3/12       EV: 15    Int: 15    God:    Uskayaw [*.....]
Gold:   204        SH:  0    Dex: 16    Spells: 11/14 levels left

rFire    . . .     SeeInvis .     - Unarmed
rCold    . . .     Gourm    .   (no shield)
rNeg     . . .     Faith    .   b - +1 robe
rPois    .         Spirit   .   (no helmet)
rElec    .         Reflect  .   (no cloak)
rCorr    .         Harm     .   (no gloves)
MR       .....                  (boots currently unavailable)
Stlth    ++........             (no amulet)
HPRegen  0.13/turn              (no ring)
MPRegen  0.13/turn              (no ring)

@: appendage (expiring)
A: distributed training, fangs 1, talons 3, strong nose
a: End Transformation, Stomp, Renounce Religion


You were on level 3 of the Dungeon.
You worshipped Uskayaw.
Uskayaw was noncommittal.
You were hungry.
You had grown temporary talons.
You visited 1 branch of the dungeon, and saw 4 of its levels.

You collected 204 gold pieces.

Inventory:

Missiles
 a - 22 arrows
Armour
 b - a +1 robe (worn)
Scrolls
 c - 2 scrolls of remove curse
 e - a scroll of teleportation {unknown}
 h - 3 scrolls of identify
Potions
 j - 3 potions of curing
 o - a potion of invisibility
Comestibles
 d - 5 rations


   Skills:
 + Level 3.0 Fighting
 + Level 1.6 Short Blades
 + Level 1.6 Long Blades
 + Level 1.6 Axes
 + Level 1.6 Maces & Flails
 + Level 1.6 Polearms
 + Level 1.6 Staves
 + Level 1.6 Slings
 + Level 1.6 Bows
 + Level 1.6 Crossbows
 + Level 1.6 Throwing
 + Level 1.6 Armour
 + Level 4.8 Dodging
 + Level 1.6 Stealth
 + Level 1.6 Shields
 + Level 6.7 Unarmed Combat
 + Level 5.2 Spellcasting
 + Level 1.2 Conjurations
 + Level 1.2 Hexes
 + Level 1.2 Charms
 + Level 1.2 Summonings
 + Level 1.2 Necromancy
 + Level 1.2 Translocations
 + Level 4.0 Transmutations
 + Level 1.2 Fire Magic
 + Level 1.2 Ice Magic
 + Level 1.2 Air Magic
 + Level 1.2 Earth Magic
 + Level 1.2 Poison Magic
 + Level 1.8 Invocations
 + Level 1.6 Evocations


You had 11 spell levels left.
You knew the following spells:

 Your Spells              Type           Power        Failure   Level  Hunger
a - Beastly Appendage     Tmut           ###...       3%          1    None
b - Sticks to Snakes      Tmut           ###.....     4%          2    ##.....

Your spell library contained the following spells:

 Spells                   Type           Power        Failure   Level  Hunger
 Spider Form              Tmut/Pois      ##........   16%         3    ###....
 Ice Form                 Ice/Tmut       ##......     47%         4    ####...
 Blade Hands              Tmut           ###.......   65%         5    ######.


Dungeon Overview and Level Annotations

Branches:
Dungeon (4/15)
 Temple: D:4-7

Altars:
Ashenzari
Cheibriados
Elyvilon
Fedhas
Gozag
Okawaru
Qazlal
Ru
Sif Muna
Uskayaw

Annotations:
D:3 ThePrince's ghost, amateur FoFi


Innate Abilities, Weirdness & Mutations

Your experience applies equally to all skills.
You have very sharp teeth.
Your uncanny sense of smell can sniff out nearby items.
You have claws for feet.


Message History

ThePrince's ghost turns its malevolent gaze towards you.
Casting: Beastly Appendage (safe; 3% risk of failure)
Confirm with . or Enter, or press ? or * to list all spells.
You create a snake!
You now have 22 arrows.
Your ball python bites ThePrince's ghost but does no damage. x2
Your ball python bites ThePrince's ghost.
You hit ThePrince's ghost but do no damage.
You claw ThePrince's ghost, but do no damage.
ThePrince's ghost is moderately damaged.
Your ball python barely misses ThePrince's ghost.
ThePrince's ghost closely misses you.
Your ball python bites ThePrince's ghost but does no damage. x2
You barely miss ThePrince's ghost. You claw ThePrince's ghost.
ThePrince's ghost is moderately damaged.
Your transformation is almost over.
Your ball python bites ThePrince's ghost.
Your ball python completely misses ThePrince's ghost.
Your ball python bites ThePrince's ghost but does no damage.
ThePrince's ghost hits you!
You die...

### #.. ##.. # ########### #...
## #.........# #... .#
#.........##### ##.## .###
#.....###.....### #..#8 ...##
##...##@#####...## #.... ##..###
#...#.WS...###..###....
###...#####..##SS......##...#....
.............#...###....##..#.##8
#######..##..#.....##....#.....##
#⌠###8#......##.....#....#.......
........##....#.....##...'.......
........##....#...=.$#...'.......
..........>..##.#.Z.?#...'.......


You could see ThePrince's ghost and 3 friendly ball pythons.

Vanquished Creatures
  An orc priest (D:3)
  5 adders
  A hound simulacrum (D:3)
  A worker ant simulacrum (D:3)
  3 oozes
  A worm (D:2)
  2 dart slugs (D:1)
  A leopard gecko (D:2)
  5 orcs (D:3)
  8 bats
  6 giant cockroaches
  6 goblins
  4 hobgoblins
  8 jackals
  3 ball pythons
  3 frilled lizards
  A giant cockroach simulacrum (D:3)
  5 kobolds
  2 quokka simulacra (D:3)
  6 rats
72 creatures vanquished.

Vanquished Creatures (collateral kills)
  An orc wizard (D:3)
  An adder (D:2)
  An orc (D:3)
  A frilled lizard (D:3)
4 creatures vanquished.

Vanquished Creatures (others)
  A goblin (D:3)
1 creature vanquished.

Grand Total: 77 creatures vanquished

Notes
Turn   | Place    | Note
-------+----------+-------------------------------------------
     0 | D:1      | Harpaggios the Gnoll Transmuter began the quest for the
                  | Orb.
     0 | D:1      | Reached XP level 1. HP: 17/17 MP: 6/6
    76 | D:1      | Reached XP level 2. HP: 23/23 MP: 5/7
    83 | D:1      | Learned a level 2 spell: Sticks to Snakes
   663 | D:1      | Reached XP level 3. HP: 24/28 MP: 9/9
   749 | D:1      | Reached skill level 5 in Spellcasting
   907 | D:2      | Reached skill level 1 in Invocations
   936 | D:2      | Found an opulent altar of Gozag.
   966 | D:2      | Found a hide-covered altar of Uskayaw.
   967 | D:2      | Found a sacrificial altar of Ru.
  1025 | D:2      | Reached skill level 1 in Short Blades
  1025 | D:2      | Reached skill level 1 in Long Blades
  1025 | D:2      | Reached skill level 1 in Axes
  1025 | D:2      | Reached skill level 1 in Maces & Flails
  1025 | D:2      | Reached skill level 1 in Polearms
  1025 | D:2      | Reached skill level 1 in Staves
  1025 | D:2      | Reached skill level 1 in Slings
  1025 | D:2      | Reached skill level 1 in Bows
  1025 | D:2      | Reached skill level 1 in Crossbows
  1025 | D:2      | Reached skill level 1 in Throwing
  1025 | D:2      | Reached skill level 1 in Armour
  1025 | D:2      | Reached skill level 1 in Stealth
  1025 | D:2      | Reached skill level 1 in Shields
  1025 | D:2      | Reached skill level 1 in Evocations
  1204 | D:2      | Reached XP level 4. HP: 34/34 MP: 4/11
  1235 | D:2      | Found a shattered altar of Ashenzari.
  1741 | D:2      | Reached skill level 1 in Conjurations
  1741 | D:2      | Reached skill level 1 in Hexes
  1741 | D:2      | Reached skill level 1 in Charms
  1741 | D:2      | Reached skill level 1 in Summonings
  1741 | D:2      | Reached skill level 1 in Necromancy
  1741 | D:2      | Reached skill level 1 in Translocations
  1741 | D:2      | Reached skill level 1 in Fire Magic
  1741 | D:2      | Reached skill level 1 in Ice Magic
  1741 | D:2      | Reached skill level 1 in Air Magic
  1741 | D:2      | Reached skill level 1 in Earth Magic
  1741 | D:2      | Reached skill level 1 in Poison Magic
  1882 | D:2      | Found a snail-covered altar of Cheibriados.
  1883 | D:2      | Found a deep blue altar of Sif Muna.
  1889 | D:2      | Found an iron altar of Okawaru.
  1890 | D:2      | Found a white marble altar of Elyvilon.
  1892 | D:2      | Found a stormy altar of Qazlal.
  2047 | D:2      | Became a worshipper of Uskayaw the Reveler
  2101 | D:3      | Reached * piety under Uskayaw
  2128 | D:3      | Reached XP level 5. HP: 26/40 MP: 4/12
  2390 | D:3      | Reached ** piety under Uskayaw
  3163 | D:3      | Noticed ThePrince's ghost (amateur FoFi)
  3260 | D:3      | Found a blossoming altar of Fedhas.
  3271 | D:3      | Found a runed gate.
  3271 | D:3      | Found a runed gate.
  3271 | D:3      | Found a runed gate.
  3671 | D:3      | Slain by ThePrince's ghost

Skill      XL: |  1  2  3  4  5 |
---------------+----------------+-----
Spellcasting   | 5 |  5.2
Invocations    | 1 |  1.8
Short Blades   | 1 |  1.6
Long Blades    | 1 |  1.6
Axes           | 1 |  1.6
Maces & Flails | 1 |  1.6
Polearms       | 1 |  1.6
Staves         | 1 |  1.6
Slings         | 1 |  1.6
Bows           | 1 |  1.6
Crossbows      | 1 |  1.6
Throwing       | 1 |  1.6
Armour         | 1 |  1.6
Stealth        | 1 |  1.6
Shields        | 1 |  1.6
Evocations     | 1 |  1.6
Conjurations   | 1 |  1.2
Hexes          | 1 |  1.2
Charms         | 1 |  1.2
Summonings     | 1 |  1.2
Necromancy     | 1 |  1.2
Translocations | 1 |  1.2
Fire Magic     | 1 |  1.2
Ice Magic      | 1 |  1.2
Air Magic      | 1 |  1.2
Earth Magic    | 1 |  1.2
Poison Magic   | 1 |  1.2
Fighting       | 3 |  3.0
Transmutations | 4 |  4.0
Dodging        | |  4.8
Unarmed Combat | |  6.7

Action                   |  1- 3 |  4- 6 || total
-------------------------+-------+-------++-------
Melee: Unarmed           |    73 |   104 ||   177
       Headbutt          |     5 |     3 ||     8
       Bite              |     4 |     5 ||     9
       Punch             |     3 |       ||     3
       Kick              |     1 |     7 ||     8
 Cast: Beastly Appendage |    11 |    14 ||    25
       Sticks to Snakes  |     2 |    13 ||    15
  Use: Scroll            |       |     8 ||     8
       Potion            |       |     8 ||     8
 Stab: Sleeping          |     1 |     5 ||     6
  Eat: Chunk             |     1 |     7 ||     8
Armor: Robe              |    12 |     7 ||    19
Dodge: Dodged            |    39 |    60 ||    99
